 Dungeon Crawl Stone Soup version 0.29-a0-299-g4c793a2ed2 (webtiles) character file.

Game seed: 5794179456705491211

15923 sanka the Nimble (level 12, -2/97 HPs)
             Began as a Gnoll Monk on Mar 24, 2022.
             Was a High Priest of Trog.
             Slain by a troll zombie (4 damage)
             ... on level 10 of the Dungeon.
             The game lasted 00:20:59 (12652 turns).

sanka the Nimble (Gnoll Monk)                      Turns: 12652, Time: 00:21:00

Health: -2/97      AC: 12    Str: 18    XL:     12   Next: 32%
Magic:  0/22       EV: 24    Int: 11    God:    Trog [*****.]
Gold:   707        SH:  0    Dex: 24    Spells: 25/25 levels left

rFire   . . .      SeeInvis .   C - +0 battleaxe
rCold   . . .      Faith    .   (shield currently unavailable)
rNeg    . . .      Spirit   +   W - +0 steam dragon scales
rPois   .          Reflect  .   z - +0 helmet
rElec   .          Harm     .   K - +1 cloak {rCorr}
rCorr   +          Rampage  .   v - +0 pair of gloves
Will    +....                   s - +0 pair of boots
Stlth   +++.......              E - amulet "Guaruxog" {Spirit Will+ Str+4 Dex+3 Stlth-}
HPRegen 0.26/turn               V - +6 ring of dexterity
MPRegen 0.18/turn               k - +4 ring of evasion

@: on berserk cooldown, slowed, very slow
A: fangs 1, strong nose, distributed training
a: Renounce Religion, Berserk, Trog's Hand, Brothers in Arms


You were on level 10 of the Dungeon.
You worshipped Trog.
Trog was extremely pleased with you.
You visited 1 branch of the dungeon, and saw 10 of its levels.
You also visited: Bailey.

You collected 707 gold pieces.


Innate Abilities, Weirdness & Mutations

You have very sharp teeth.
Your uncanny sense of smell can sniff out nearby items.
Your experience applies equally to all skills.


   Skills:
 + Level 9.7 Fighting
 + Level 7.1 Short Blades
 + Level 7.1 Long Blades
 + Level 9.7 Axes
 + Level 7.1 Maces & Flails
 + Level 7.1 Polearms
 + Level 7.1 Staves
 + Level 7.1 Slings
 + Level 7.1 Bows
 + Level 7.1 Crossbows
 + Level 7.1 Throwing
 + Level 7.1 Armour
 + Level 9.7 Dodging
 + Level 8.3 Stealth
 + Level 7.1 Shields
 + Level 7.1 Unarmed Combat
 + Level 7.1 Spellcasting
 + Level 5.9 Conjurations
 + Level 5.9 Hexes
 + Level 5.9 Summonings
 + Level 5.9 Necromancy
 + Level 5.9 Translocations
 + Level 5.9 Transmutations
 + Level 5.9 Fire Magic
 + Level 5.9 Ice Magic
 + Level 5.9 Air Magic
 + Level 5.9 Earth Magic
 + Level 5.9 Poison Magic
 + Level 7.8 Invocations
 + Level 7.1 Evocations


You had 25 spell levels left.
You didn't know any spells.
Your spell library contained the following spells:

 Spells                   Type           Power      Damage    Failure   Level
 Shock                    Conj/Air       64%        1d7       1%          1
 Dazzling Flash           Conj/Hex       32%        N/A       4%          3
 Iskenderun's Mystic Bla  Conj/Tloc      16%        2d5       16%         4
 Olgreb's Toxic Radiance  Pois           16%        N/A       16%         4
 Lightning Bolt           Conj/Air       8%         1d20      38%         5
 Silence                  Hex/Air        8%         N/A       38%         5
 Starburst                Conj/Fire      8%         6d4       93%         6

Inventory:

Hand Weapons
 i - a +5 halberd
 A - a +0 broad axe
 C - a +0 battleaxe (weapon)
 H - a +1 short sword of distortion
 L - a +2 dagger of venom
Missiles
 a - 10 boomerangs
 B - 36 poisoned darts (quivered)
 I - a curare-tipped dart {=f}
Armour
 s - a +0 pair of boots (worn)
 v - a +0 pair of gloves (worn)
 z - a +0 helmet (worn)
 K - a +1 cloak of preservation (worn)
 W - +0 steam dragon scales (worn)
Jewellery
 k - a +4 ring of evasion (right hand)
 w - a ring of protection from fire
 E - the amulet "Guaruxog" (around neck) {Spirit Will+ Str+4 Dex+3 Stlth-}

   [amulet of guardian spirit]

   It causes incoming damage to be divided between your reserves of health and
   magic.
   Str:       It affects your strength (+4).
   Dex:       It affects your dexterity (+3).
   Will:      It increases your willpower.
   Stlth:     It makes you less stealthy.
 G - an amulet of regeneration
 P - a ring of protection from cold
 V - a +6 ring of dexterity (left hand)
Wands
 Q - a wand of digging (4)
 Y - a wand of paralysis (6)
Scrolls
 d - a scroll of summoning {unknown}
 h - 3 scrolls of immolation {!r}
 j - 7 scrolls of teleportation {@r4}
 l - 2 scrolls of enchant weapon
 o - 4 scrolls of fear
 r - a scroll of brand weapon
 t - 3 scrolls of fog
 x - 2 scrolls of magic mapping {unknown}
 y - a scroll of noise {unknown}
 J - 2 scrolls of enchant armour
 N - a scroll of holy word {unknown}
 T - a scroll of vulnerability {unknown}
Potions
 b - 2 potions of invisibility {unknown}
 c - 3 potions of ambrosia
 e - a potion of might {unknown}
 f - 3 potions of curing {unknown}
 g - a potion of mutation {unknown}
 m - 3 potions of magic {unknown}
 n - a potion of resistance {unknown}
 p - 5 potions of flight {unknown}
 q - 3 potions of haste {unknown}
 u - a potion of berserk rage {unknown}
 F - 3 potions of cancellation {unknown}
 M - a potion of lignification {unknown}
 O - 2 potions of attraction {unknown}
 S - 4 potions of heal wounds {@q2}
Miscellaneous
 D - a condenser vane

Dungeon Overview and Level Annotations

Branches:
Dungeon (10/15)            Temple (0/1) D:4             Orc (0/2) D:10
 Bailey (visited)
   Lair: D:8-11

Altars:
Cheibriados
Okawaru
Ru
Sif Muna
Trog
Uskayaw
Vehumet

Shops:
D:2 !   D:3 !   D:6 * D:9

(
▒....▒.......▒..................
... ▒.......▒..................
▒..........................
▒.................▒.....▒▒▒
▒▒▒▒▒▒▒▒..........▒.....▒..
..▒▒▒▒▒.........▒.....▒..
................▒.....▒..
....▒▒▒▒........▒▒....... ∆..
▒ZgZ▒▒▒▒..▒▒.......
▒...)8OZ..▒...........
▒....ZZZ..▒▒......▒...
▒.........▒▒......▒...
▒.........▒▒▒▒▒▒+▒▒...
............▒ ..+ ▒...
.............▒ .....▒...
...8...>£..8........▒...
..........


You could see a two-headed ogre, 3 orc zombies, 2 ogre zombies and a troll
zombie.


Message History

* * * LOW HITPOINT WARNING * * *
The troll zombie completely misses you. The troll zombie completely misses you.
The troll zombie misses you. The orc zombie closely misses you.
You slash the two-headed ogre!
The two-headed ogre is almost dead.
You slash the troll zombie! You hit the orc zombie.
The two-headed ogre misses you. The two-headed ogre barely misses you.
The troll zombie misses you.
The troll zombie claws you but does no damage.
The troll zombie completely misses you. The orc zombie misses you.
The troll zombie closely misses you. The troll zombie completely misses you.
The troll zombie claws you but does no damage.
You hit the two-headed ogre but do no damage.
The two-headed ogre is almost dead.
You slash the orc zombie!
You destroy the orc zombie!
Trog accepts your kill.
You slash the troll zombie! The two-headed ogre misses you.
The two-headed ogre completely misses you.
The troll zombie bites you but does no damage.
The troll zombie claws you but does no damage.
The troll zombie claws you.
You die...

Action                   |  1- 3 |  4- 6 |  7- 9 | 10-12 || total
-------------------------+-------+-------+-------+-------++-------
Melee: Hand axe          |    74 |    78 |       |       ||   152
       Bite              |     4 |    12 |    29 |    55 ||   100
       Punch             |     1 |     2 |    14 |     8 ||    25
       Flail             |       |    44 |   211 |       ||   255
       War axe           |       |       |   142 |   180 ||   322
       Broad axe         |       |       |       |    35 ||    35
       Battleaxe         |       |       |       |   119 ||   119
Throw: Dart              |       |       |       |     4 ||     4
Invok: Berserk           |       |       |     1 |     4 ||     5
  Use: Scroll            |       |       |       |     8 ||     8
       Potion            |       |       |       |     1 ||     1
 Stab: Sleeping          |     5 |     9 |     4 |     2 ||    20
       Distracted        |       |       |     1 |     1 ||     2
Armor: Robe              |     1 |    12 |    40 |       ||    53
       Chain mail        |       |       |    82 |    34 ||   116
       Steam dragon scal |       |       |       |    48 ||    48
Dodge: Dodged            |    80 |    98 |   413 |   359 ||   950

Levels and vault maps discovered:
D:1:      matt_arrival_spirals, layout_basic
D:2:      layout_rooms, serial_shops, shop_statue, serial_rivers,
          chequers_serial_rivers_micro_e, chequers_serial_rivers_small_a,
          chequers_serial_rivers_micro_c, chequers_serial_rivers_micro_d,
          hellmonk_ecumenical_altar_prayer_group, minmay_tromino_mix6,
          uniq_jessica, uniq_natasha
D:3:      layout_rooms, lemuel_round_altar, serial_shops, shop
D:4:      layout_gridville, mainiacjoe_overflow_alcove_1,
          minmay_temple_entry_arrows, gammafunk_ghost_necromancy,
          saegor_snake_ambush
D:5:      layout_basic
D:6:      layout_basic, serial_shops, kennysheep_little_box
D:7:      layout_cave_pools, serial_bayou_lake_a, uniq_prince_ribbit1
D:8:      layout_basic, hangedman_ru_absence, mainiacjoe_overflow_divided_tiny,
          minmay_misc_feat_room, uniq_grum
D:9:      layout_rooms, mainiacjoe_overflow_chevrons, enter_bailey_3,
          grunt_decor_resistance, chequers_serial_rivers_small_b,
          nicolae_inconvenience_store
D:10:     layout_basic, mainiacjoe_overflow_swirl, zombieorc2_lemuel

Notes
Turn   | Place    | Note
-------+----------+-------------------------------------------
     0 | D:1      | sanka the Gnoll Monk began the quest for the Orb.
     0 | D:1      | Reached XP level 1. HP: 23/23 MP: 1/1
   165 | D:1      | Reached XP level 2. HP: 29/29 MP: 2/2
  1118 | D:2      | Reached XP level 3. HP: 30/35 MP: 3/3
  1123 | D:2      | Reached skill level 1 in Invocations
  1127 | D:2      | Reached skill level 1 in Short Blades
  1127 | D:2      | Reached skill level 1 in Long Blades
  1127 | D:2      | Reached skill level 1 in Maces & Flails
  1127 | D:2      | Reached skill level 1 in Polearms
  1127 | D:2      | Reached skill level 1 in Staves
  1127 | D:2      | Reached skill level 1 in Slings
  1127 | D:2      | Reached skill level 1 in Bows
  1127 | D:2      | Reached skill level 1 in Crossbows
  1127 | D:2      | Reached skill level 1 in Throwing
  1127 | D:2      | Reached skill level 1 in Armour
  1127 | D:2      | Reached skill level 1 in Shields
  1127 | D:2      | Reached skill level 1 in Unarmed Combat
  1127 | D:2      | Reached skill level 1 in Spellcasting
  1127 | D:2      | Reached skill level 1 in Evocations
  1133 | D:2      | Noticed Jessica
  1258 | D:2      | Noticed Natasha
  1274 | D:2      | Killed Natasha
  1275 | D:2      | Reached XP level 4. HP: 16/41 MP: 5/5
  1282 | D:2      | Noticed Natasha
  1531 | D:1      | Killed Natasha
  1532 | D:1      | Reached skill level 1 in Conjurations
  1532 | D:1      | Reached skill level 1 in Hexes
  1532 | D:1      | Reached skill level 1 in Summonings
  1532 | D:1      | Reached skill level 1 in Necromancy
  1532 | D:1      | Reached skill level 1 in Translocations
  1532 | D:1      | Reached skill level 1 in Transmutations
  1532 | D:1      | Reached skill level 1 in Fire Magic
  1532 | D:1      | Reached skill level 1 in Ice Magic
  1532 | D:1      | Reached skill level 1 in Air Magic
  1532 | D:1      | Reached skill level 1 in Earth Magic
  1532 | D:1      | Reached skill level 1 in Poison Magic
  1733 | D:1      | Noticed Natasha
  1750 | D:1      | Killed Natasha
  1751 | D:1      | Reached XP level 5. HP: 17/47 MP: 5/7
  1966 | D:2      | Killed Jessica
  2300 | D:2      | Found a faded altar of an unknown god.
  2371 | D:2      | Found Yloziumn's Distillery.
  2623 | D:3      | Found Qinyuc's Distillery.
  2672 | D:3      | Got Vytienko's Disquisition on the Birds and Contamination
  2726 | D:3      | Found a bloodstained altar of Trog.
  3148 | D:2      | Reached XP level 6. HP: 27/53 MP: 8/8
  3316 | D:3      | Reached skill level 2 in Invocations
  3359 | D:3      | Found a bloodstained altar of Trog.
  3378 | D:3      | Found Qinyuc's Distillery.
  3635 | D:4      | Identified the amulet "Guaruxog" {Spirit Will+ Str+4 Dex+3
                  | Stlth-}
  3679 | D:3      | Became a worshipper of Trog the Wrathful
  3679 | D:3      | Reached * piety under Trog
  3679 | D:3      | Reached ** piety under Trog
  3753 | D:4      | Reached skill level 2 in Short Blades
  3753 | D:4      | Reached skill level 2 in Long Blades
  3753 | D:4      | Reached skill level 2 in Maces & Flails
  3753 | D:4      | Reached skill level 2 in Polearms
  3753 | D:4      | Reached skill level 2 in Staves
  3753 | D:4      | Reached skill level 2 in Slings
  3753 | D:4      | Reached skill level 2 in Bows
  3753 | D:4      | Reached skill level 2 in Crossbows
  3753 | D:4      | Reached skill level 2 in Throwing
  3753 | D:4      | Reached skill level 2 in Armour
  3753 | D:4      | Reached skill level 2 in Shields
  3753 | D:4      | Reached skill level 2 in Unarmed Combat
  3753 | D:4      | Reached skill level 2 in Spellcasting
  3753 | D:4      | Reached skill level 2 in Evocations
  3769 | D:4      | Found a runed translucent gate.
  3770 | D:4      | Found a runed translucent gate.
  3772 | D:4      | Found a runed translucent gate.
  3775 | D:4      | Noticed Ajdolov's ghost (weakling GnDe)
  3867 | D:4      | Found a staircase to the Ecumenical Temple.
  3990 | D:4      | Noticed a black bear
  3997 | D:4      | Killed a black bear
  3998 | D:4      | Reached skill level 7 in Fighting
  3998 | D:4      | Reached skill level 7 in Axes
  3998 | D:4      | Reached skill level 7 in Dodging
  3998 | D:4      | Reached XP level 7. HP: 57/60 MP: 7/10
  4217 | D:4      | Found a hide-covered altar of Uskayaw.
  4322 | D:4      | Reached skill level 2 in Conjurations
  4322 | D:4      | Reached skill level 2 in Hexes
  4322 | D:4      | Reached skill level 2 in Summonings
  4322 | D:4      | Reached skill level 2 in Necromancy
  4322 | D:4      | Reached skill level 2 in Translocations
  4322 | D:4      | Reached skill level 2 in Transmutations
  4322 | D:4      | Reached skill level 2 in Fire Magic
  4322 | D:4      | Reached skill level 2 in Ice Magic
  4322 | D:4      | Reached skill level 2 in Air Magic
  4322 | D:4      | Reached skill level 2 in Earth Magic
  4322 | D:4      | Reached skill level 2 in Poison Magic
  4568 | D:4      | Reached skill level 5 in Stealth
  4574 | D:4      | Reached skill level 3 in Invocations
  4577 | D:4      | Killed Ajdolov's ghost
  4658 | D:5      | Entered Level 5 of the Dungeon
  4697 | D:5      | Reached XP level 8. HP: 55/67 MP: 7/12
  4845 | D:5      | Reached skill level 3 in Short Blades
  4845 | D:5      | Reached skill level 3 in Long Blades
  4845 | D:5      | Reached skill level 3 in Maces & Flails
  4845 | D:5      | Reached skill level 3 in Polearms
  4845 | D:5      | Reached skill level 3 in Staves
  4845 | D:5      | Reached skill level 3 in Slings
  4845 | D:5      | Reached skill level 3 in Bows
  4845 | D:5      | Reached skill level 3 in Crossbows
  4845 | D:5      | Reached skill level 3 in Throwing
  4845 | D:5      | Reached skill level 3 in Armour
  4845 | D:5      | Reached skill level 3 in Shields
  4845 | D:5      | Reached skill level 3 in Unarmed Combat
  4845 | D:5      | Reached skill level 3 in Spellcasting
  4845 | D:5      | Reached skill level 3 in Evocations
  5830 | D:5      | Reached *** piety under Trog
  6064 | D:6      | Reached skill level 4 in Invocations
  6071 | D:6      | Reached skill level 3 in Conjurations
  6071 | D:6      | Reached skill level 3 in Hexes
  6071 | D:6      | Reached skill level 3 in Summonings
  6071 | D:6      | Reached skill level 3 in Necromancy
  6071 | D:6      | Reached skill level 3 in Translocations
  6071 | D:6      | Reached skill level 3 in Transmutations
  6071 | D:6      | Reached skill level 3 in Fire Magic
  6071 | D:6      | Reached skill level 3 in Ice Magic
  6071 | D:6      | Reached skill level 3 in Air Magic
  6071 | D:6      | Reached skill level 3 in Earth Magic
  6071 | D:6      | Reached skill level 3 in Poison Magic
  6278 | D:6      | Reached XP level 9. HP: 66/72 MP: 11/14
  6447 | D:6      | Reached skill level 4 in Short Blades
  6447 | D:6      | Reached skill level 4 in Long Blades
  6447 | D:6      | Reached skill level 4 in Maces & Flails
  6447 | D:6      | Reached skill level 4 in Polearms
  6447 | D:6      | Reached skill level 4 in Staves
  6447 | D:6      | Reached skill level 4 in Slings
  6447 | D:6      | Reached skill level 4 in Bows
  6447 | D:6      | Reached skill level 4 in Crossbows
  6447 | D:6      | Reached skill level 4 in Throwing
  6447 | D:6      | Reached skill level 4 in Armour
  6447 | D:6      | Reached skill level 4 in Shields
  6447 | D:6      | Reached skill level 4 in Unarmed Combat
  6447 | D:6      | Reached skill level 4 in Spellcasting
  6447 | D:6      | Reached skill level 4 in Evocations
  6733 | D:6      | Found Resunt's Assorted Antiques.
  6816 | D:6      | Reached skill level 6 in Stealth
  7205 | D:7      | Identified +0 steam dragon scales
  7206 | D:7      | Reached skill level 8 in Fighting
  7206 | D:7      | Reached skill level 8 in Axes
  7206 | D:7      | Reached skill level 8 in Dodging
  7652 | D:7      | Noticed Prince Ribbit
  7684 | D:6      | Killed Prince Ribbit
  7685 | D:6      | Reached skill level 5 in Invocations
  8096 | D:7      | Reached **** piety under Trog
  8351 | D:7      | Reached XP level 10. HP: 72/80 MP: 15/17
  8448 | D:7      | Reached skill level 4 in Conjurations
  8448 | D:7      | Reached skill level 4 in Hexes
  8448 | D:7      | Reached skill level 4 in Summonings
  8448 | D:7      | Reached skill level 4 in Necromancy
  8448 | D:7      | Reached skill level 4 in Translocations
  8448 | D:7      | Reached skill level 4 in Transmutations
  8448 | D:7      | Reached skill level 4 in Fire Magic
  8448 | D:7      | Reached skill level 4 in Ice Magic
  8448 | D:7      | Reached skill level 4 in Air Magic
  8448 | D:7      | Reached skill level 4 in Earth Magic
  8448 | D:7      | Reached skill level 4 in Poison Magic
  8628 | D:7      | Reached skill level 5 in Short Blades
  8628 | D:7      | Reached skill level 5 in Long Blades
  8628 | D:7      | Reached skill level 5 in Maces & Flails
  8628 | D:7      | Reached skill level 5 in Polearms
  8628 | D:7      | Reached skill level 5 in Staves
  8628 | D:7      | Reached skill level 5 in Slings
  8628 | D:7      | Reached skill level 5 in Bows
  8628 | D:7      | Reached skill level 5 in Crossbows
  8628 | D:7      | Reached skill level 5 in Throwing
  8628 | D:7      | Reached skill level 5 in Armour
  8628 | D:7      | Reached skill level 5 in Shields
  8628 | D:7      | Reached skill level 5 in Unarmed Combat
  8628 | D:7      | Reached skill level 5 in Spellcasting
  8628 | D:7      | Reached skill level 5 in Evocations
  9085 | D:8      | Noticed Grum
  9100 | D:8      | Killed Grum
  9270 | D:8      | Found a snail-covered altar of Cheibriados.
  9271 | D:8      | Found a radiant altar of Vehumet.
  9360 | D:8      | Found a sacrificial altar of Ru.
  9468 | D:8      | Noticed a green ugly thing
  9477 | D:8      | Killed a green ugly thing
 10184 | D:9      | Reached skill level 6 in Invocations
 10226 | D:9      | Found a flagged portal.
 10254 | Bailey   | Entered a bailey
 10259 | Bailey   | Noticed an orc warlord
 10319 | Bailey   | Reached skill level 7 in Stealth
 10687 | Bailey   | Found a runed translucent gate.
 10687 | Bailey   | Found a runed translucent gate.
 10687 | Bailey   | Found a runed translucent gate.
 10842 | Bailey   | Killed an orc warlord
 10843 | Bailey   | Reached XP level 11. HP: 87/87 MP: 12/19
 10875 | Bailey   | Reached skill level 9 in Fighting
 10875 | Bailey   | Reached skill level 6 in Short Blades
 10875 | Bailey   | Reached skill level 6 in Long Blades
 10875 | Bailey   | Reached skill level 9 in Axes
 10875 | Bailey   | Reached skill level 6 in Maces & Flails
 10875 | Bailey   | Reached skill level 6 in Polearms
 10875 | Bailey   | Reached skill level 6 in Staves
 10875 | Bailey   | Reached skill level 6 in Slings
 10875 | Bailey   | Reached skill level 6 in Bows
 10875 | Bailey   | Reached skill level 6 in Crossbows
 10875 | Bailey   | Reached skill level 6 in Throwing
 10875 | Bailey   | Reached skill level 6 in Armour
 10875 | Bailey   | Reached skill level 9 in Dodging
 10875 | Bailey   | Reached skill level 8 in Stealth
 10875 | Bailey   | Reached skill level 6 in Shields
 10875 | Bailey   | Reached skill level 6 in Unarmed Combat
 10875 | Bailey   | Reached skill level 6 in Spellcasting
 10875 | Bailey   | Reached skill level 5 in Conjurations
 10875 | Bailey   | Reached skill level 5 in Hexes
 10875 | Bailey   | Reached skill level 5 in Summonings
 10875 | Bailey   | Reached skill level 5 in Necromancy
 10875 | Bailey   | Reached skill level 5 in Translocations
 10875 | Bailey   | Reached skill level 5 in Transmutations
 10875 | Bailey   | Reached skill level 5 in Fire Magic
 10875 | Bailey   | Reached skill level 5 in Ice Magic
 10875 | Bailey   | Reached skill level 5 in Air Magic
 10875 | Bailey   | Reached skill level 5 in Earth Magic
 10875 | Bailey   | Reached skill level 5 in Poison Magic
 10875 | Bailey   | Reached skill level 7 in Invocations
 10875 | Bailey   | Reached skill level 6 in Evocations
 10875 | Bailey   | Reached XP level 12. HP: 77/96 MP: 19/22
 11004 | D:9      | Found a shimmering blue altar of Sif Muna.
 11186 | D:9      | Noticed a two-headed ogre
 11199 | D:9      | Killed a two-headed ogre
 11315 | D:9      | Found Fody's Weapon Emporium.
 12210 | D:10     | Entered Level 10 of the Dungeon
 12246 | D:10     | Reached skill level 7 in Short Blades
 12246 | D:10     | Reached skill level 7 in Long Blades
 12246 | D:10     | Reached skill level 7 in Maces & Flails
 12246 | D:10     | Reached skill level 7 in Polearms
 12246 | D:10     | Reached skill level 7 in Staves
 12246 | D:10     | Reached skill level 7 in Slings
 12246 | D:10     | Reached skill level 7 in Bows
 12246 | D:10     | Reached skill level 7 in Crossbows
 12246 | D:10     | Reached skill level 7 in Throwing
 12246 | D:10     | Reached skill level 7 in Armour
 12246 | D:10     | Reached skill level 7 in Shields
 12246 | D:10     | Reached skill level 7 in Unarmed Combat
 12246 | D:10     | Reached skill level 7 in Spellcasting
 12246 | D:10     | Reached skill level 7 in Evocations
 12357 | D:10     | Found an iron altar of Okawaru.
 12455 | D:10     | Reached ***** piety under Trog
 12626 | D:10     | Found a staircase to the Orcish Mines.
 12633 | D:10     | Noticed a two-headed ogre
 12650 | D:10     | HP: 1/97 [two-headed ogre/+0 giant club (13)]
 12652 | D:10     | Slain by a troll zombie

Vanquished Creatures
  An orc warlord (Bailey)
  A two-headed ogre (D:9)
  An ugly thing (D:8)
  A gargoyle (D:10)
  Prince Ribbit (D:6)
  A hornet (D:9)
  3 shadows
  4 yaks (D:10)
  2 wraiths (D:10)
  3 steam dragons
  Grum (D:8)
  4 water moccasins
  A sky beast (D:7)
  5 ice beasts
  5 orc warriors
  A black bear (D:4)
  A hornet zombie (D:4)
  An ogre (D:6)
  4 wolves (D:8)
  3 phantoms
  A centaur (D:5)
  4 kobold brigands
  A necrophage (D:5)
  3 bullfrogs
  11 wights
  4 scorpions
  A water moccasin zombie (D:4)
  5 electric eels
  A bullfrog zombie (D:4)
  A bullfrog skeleton (D:4)
  4 gnoll shamans
  5 orc priests
  3 jellies
  2 iguanas (D:5)
  Jessica (D:2)
  Natasha (thrice) (D:2 D:1)
  8 orc wizards
  5 ogre zombies (D:10)
  10 adders
  19 gnolls
  A white imp (D:7)
  2 ufetubi (D:5)
  A worm (D:2)
  The ghost of Ajdolov the Covert, a weakling GnDe (D:4)
  A dart slug (D:1)
  23 orcs
  5 endoplasms
  15 goblins
  6 hobgoblins
  29 kobolds
  5 quokkas
  13 ball pythons
  3 bats (D:2)
  3 frilled lizards
  2 goblin zombies (D:10)
  2 orc skeletons (D:10)
  18 orc zombies (D:10)
  A rat (D:1)
267 creatures vanquished.

Vanquished Creatures (others)
  2 orcs (D:7)
  13 plants (D:7)
15 creatures vanquished.

Grand Total: 282 creatures vanquished
